 Dungeon Crawl Stone Soup version 0.29-a0-409-gd843f3a (webtiles) character file.

Game seed: 3600543923775282258

310 Illumine the Bolt Thrower (level 6, -9/38 HPs)
             Began as a Gargoyle Hunter on May 12, 2022.
             Mangled by an ice beast (13 damage)
             ... on level 5 of the Dungeon.
             The game lasted 00:05:30 (4326 turns).

Illumine the Bolt Thrower (Gargoyle Hunter)         Turns: 4326, Time: 00:05:32

Health: -9/38      AC:  7    Str: 16    XL:     6   Next: 41%
Magic:  6/6        EV: 12    Int: 16    God:
Gold:   251        SH:  0    Dex: 13    Spells: 5/5 levels left

rFire   . . .      SeeInvis .   b - +0 dagger (elec)
rCold   . . .      Faith    .   (no shield)
rNeg    + . .      Spirit   .   f - +0 leather armour
rPois   ∞          Reflect  .   (no helmet)
rElec   +          Harm     .   m - scarf {repulsion}
rCorr   .          Rampage  .   (no gloves)
Will    +....                   (no boots)
Stlth   +.........              (no amulet)
HPRegen 0.12/turn               y - ring of willpower
MPRegen 0.10/turn               d - +6 ring of intelligence

@: studying Axes, repel missiles
A: sickness immunity, AC +4, negative energy resistance 1, electricity
resistance, torment resistance 1, petrification resistance
a: no special abilities


You were on level 5 of the Dungeon.
You visited 1 branch of the dungeon, and saw 6 of its levels.

You collected 251 gold pieces.

Inventory:

Hand Weapons
 a - a +1 hand crossbow
 b - a +0 dagger of electrocution (weapon)
Missiles
 g - 5 silver javelins
Armour
 f - a +0 leather armour (worn)
 m - a scarf of repulsion (worn)
Jewellery
 d - a +6 ring of intelligence (right hand)
 y - a ring of willpower (left hand)
Wands
 w - a wand of flame (11)
 x - a wand of digging (5)
Scrolls
 c - a scroll of immolation
 e - 6 scrolls of identify {unknown}
 h - 3 scrolls of teleportation {unknown}
 n - a scroll of blinking {unknown}
 p - 2 scrolls of enchant weapon {unknown}
 q - 2 scrolls of enchant armour {unknown}
 s - a scroll of noise {unknown}
 v - a scroll of vulnerability {unknown}
Potions
 i - 3 potions of brilliance {unknown}
 j - a potion of curing {unknown}
 k - 2 potions of degeneration {unknown}
 l - 3 potions of haste {unknown}
 o - 3 potions of heal wounds {unknown}
 r - a potion of magic {unknown}
 t - a potion of cancellation {unknown}
 u - 2 potions of attraction {unknown}


   Skills:
 + Level 4.3 Fighting
 - Level 2.0 Short Blades
 + Level 5.3 Crossbows
 + Level 2.4 Armour
 - Level 2.0 Dodging
 - Level 1.1 Stealth


You had 5 spell levels left.
You didn't know any spells.
Your spell library contained the following spells:

 Spells                   Type           Power      Damage    Failure   Level
 Animate Skeleton         Necr           0%         N/A       30%         1
 Pain                     Necr           0%         1d4       30%         1
 Summon Small Mammal      Summ           0%         N/A       30%         1
 Ensorcelled Hibernation  Hex/Ice        0%         N/A       41%         2
 Call Canine Familiar     Summ           0%         N/A       65%         3
 Spider Form              Tmut/Pois      0%         N/A       65%         3
 Summon Guardian Golem    Hex/Summ       0%         N/A       65%         3
 Tukima's Dance           Hex            0%         N/A       65%         3
 Vampiric Draining        Necr           0%         2d6       65%         3
 Anguish                  Hex/Necr       0%         N/A       96%         4
 Passage of Golubria      Tloc           0%         N/A       96%         4
 Yara's Violent Unravell  Hex/Tmut       0%         3d3       100%        5


Dungeon Overview and Level Annotations

Branches:
Dungeon (6/15)             Temple (0/1) D:6

Altars:


Innate Abilities, Weirdness & Mutations

You are immune to sickness and miasma.
Your stone body is resilient. (AC +4)
You are immune to poison.
You resist negative energy. (rN+)
You are resistant to electric shocks. (rElec)
You are resistant to unholy torment.
You are immune to petrification.


Message History

y - a ring of willpower
y - a ring of willpower (left hand)
You open the door.
Found 4 boomerangs.
You feel clever.
d - a +6 ring of intelligence (right hand) Unknown command.
Found a morningstar.
There is an open door here.
You open the door.
There is an open door here.
You see here 4 boomerangs.
There is an open door here.
You now have 251 gold pieces (gained 16).
An ice beast comes into view.
Found an escape hatch in the ceiling.
Your +0 dagger of electrocution stops crackling.
a - a +1 hand crossbow (weapon)
You shoot a bolt. The bolt hits the ice beast.
The ice beast is lightly wounded.
You shoot a bolt. The bolt hits the ice beast.
The ice beast is moderately wounded.
You shoot a bolt. The bolt closely misses the ice beast.
The ice beast hits you but does no damage.
You hear the crackle of electricity.
b - a +0 dagger of electrocution (weapon)
You barely miss the ice beast.
The ice beast is moderately wounded.
The ice beast hits you. The ice beast freezes you!
You barely miss the ice beast.
The ice beast is moderately wounded.
The ice beast hits you. The ice beast freezes you!
* * * LOW HITPOINT WARNING * * *
You hit the ice beast but do no damage.
Lightning courses through the ice beast!
The ice beast is severely wounded.
The ice beast hits you.
* * * LOW HITPOINT WARNING * * *
The ice beast freezes you!
You die...

.......#.#...
##..#..#.#...
.............
#..#....####
#######..#.#..# #
#.....#.......#
##..###.###.#.##....#
<..............#...>#
#..###@###.####..#.#
#....Y.#.........#.#
##.#####.#.#####.###
#.#.#####'## #
#...)....# #........#
#........# #........#
#........#


You could see an ice beast.

Vanquished Creatures
  A bullfrog (D:5)
  2 hounds
  2 iguanas (D:5)
  5 adders
  2 dart slugs
  6 orcs
  4 ball pythons
  10 endoplasms
  4 giant cockroaches
  10 goblins
  6 hobgoblins
  A quokka (D:1)
  6 bats
  4 frilled lizards
  11 kobolds
  6 rats
80 creatures vanquished.

Vanquished Creatures (others)
  21 plants (D:3)
21 creatures vanquished.

Grand Total: 101 creatures vanquished

Notes
Turn   | Place    | Note
-------+----------+-------------------------------------------
     0 | D:1      | Illumine the Gargoyle Hunter began the quest for the Orb.
     0 | D:1      | Reached XP level 1. HP: 12/12 MP: 1/1
   292 | D:1      | Reached XP level 2. HP: 17/18 MP: 2/2
  1158 | D:2      | Reached XP level 3. HP: 22/22 MP: 3/3
  1213 | D:2      | Reached skill level 1 in Short Blades
  1685 | D:2      | Found a faded altar of an unknown god.
  1822 | D:2      | Reached XP level 4. HP: 28/28 MP: 4/4
  2772 | D:3      | Reached skill level 1 in Armour
  2772 | D:3      | Reached XP level 5. HP: 32/32 MP: 5/5
  3695 | D:5      | Entered Level 5 of the Dungeon
  3698 | D:5      | Reached skill level 5 in Crossbows
  3698 | D:5      | Reached XP level 6. HP: 38/38 MP: 6/6
  4022 | D:5      | Noticed a water moccasin
  4042 | D:6      | Found a staircase to the Ecumenical Temple.
  4318 | D:5      | Noticed an ice beast
  4326 | D:5      | Mangled by an ice beast

Illustrated notes

Levels and vault maps discovered:
D:1:      saegor_arrival_simple_d, layout_basic, kennysheep_doodads
D:2:      layout_loops_corners, hellmonk_ecumenical_altar_run_dry,
          nrook_campfire, minmay_tromino_v4_b
D:3:      minmay_angry_zag, layout_rooms, serial_bayou_lagoon_a
D:4:      layout_basic
D:5:      layout_basic
D:6:      layout_basic, doesnt_xom_only_xom, minmay_temple_entry_junction

Skill      XL: |  1  2  3  4  5  6 |
---------------+-------------------+-----
Fighting       | 3 4 |  4.3
Short Blades   | 1 2 |  2.0
Armour         | 1 2 |  2.4
Crossbows      | 5 |  5.3
Dodging        | 2 |  2.0
Stealth        | |  1.1

Action                   |  1- 3 |  4- 6 || total
-------------------------+-------+-------++-------
Melee: Dagger            |    18 |    66 ||    84
 Fire: Hand crossbow     |    67 |    89 ||   156
Armor: Leather armour    |    10 |    29 ||    39
Dodge: Dodged            |    14 |    55 ||    69

Table legend: (Time is in decaauts)
 A = Elapsed time spent in this place.
 B = Non-inter-level travel time spent in this place.
 C = Inter-level travel time spent in this place.
 D = Time resting spent in this place.
 E = Time spent auto-exploring this place.
 F = Levels seen in this place.
 G = Mean time per level.
                   A        B        C        D        E       F      G
               +--------+--------+--------+--------+--------+-----+--------+
         Total |   4362 |   4154 |    208 |    301 |   3257 |   6 |  727.0 |
       Dungeon |   4362 |   4154 |    208 |    301 |   3257 |   6 |  727.0 |
               +--------+--------+--------+--------+--------+-----+--------+

Top non-repeatable levels by time:
     D:1: 1167 daAuts
     D:2: 1007 daAuts
     D:4: 821 daAuts
     D:3: 792 daAuts
     D:5: 572 daAuts
     D:6: 1 daAuts
